AoeStats
← Huamatw

Black Forest

506645374Analyzed
1v1 RM · 18d ago on Sep 14, 2026· 47m 16s· 2 players
Game mode
Random Map
Map size
Tiny (2 player)
Population
200
Speed
Normal
Resources
Standard
Victory
Conquest
Starting age
Dark Age
Ending age
Imperial Age
RankedLock teamsTeams togetherTeam positionsShared explorationLock speedFull tech treeHidden civsTurbo modeCheats
Victory
Defeat
🇹🇼 Khmer · Taiwan
955
+15
🇺🇸 Goths · United States
928
-15
Gil-Galad
0:26 Loom
12:34 Feudal Age
16:51 Castle Age
15:43 Double-Bit Axe
15:41 Horse Collar
16:56 Wheelbarrow
18:32 Bow Saw
19:09 Hand Cart
20:43 Town Watch
21:24 Fishing Lines
25:45 Gold Mining
28:20 Heavy Plow
28:22 Stone Mining
29:07 Gillnets
34:11 Imperial Age
31:18 Man-at-Arms
32:02 Squires
32:31 Town Patrol
33:13 Anarchy
33:59 Scale Mail Armor
34:09 Forging
33:50 Fletching
34:56 Perfusion
35:17 Conscription
36:04 Chemistry
35:26 Ballistics
34:35 Long Swordsman
34:35 Pikeman
35:38 Chain Mail Armor
35:18 Two-Handed Swordsman
35:19 Halberdier
36:19 Masonry
37:17 Murder Holes
37:21 Onager
38:14 Champion
40:36 Elite Huskarl
41:54 Iron Casting
41:15 Bodkin Arrow
Huamatw
1:05 Loom
11:47 Feudal Age
14:32 Castle Age
13:31 Double-Bit Axe
21:40 Wheelbarrow
21:57 Horse Collar
24:39 Stone Mining
26:05 Fletching
26:16 Padded Archer Armor
26:57 Hand Cart
26:58 Bow Saw
27:22 Town Watch
28:15 Heavy Plow
31:19 Imperial Age
28:56 Gold Mining
29:37 Husbandry
30:41 Bloodlines
30:30 Bodkin Arrow
31:33 Leather Archer Armor
32:09 Gold Shaft Mining
32:15 Ballistics
32:26 Conscription
32:58 Ring Archer Armor
33:03 Tusk Swords
33:14 Double Crossbow
34:02 Bracer
34:03 Scale Mail Armor
34:21 Pikeman
35:52 Town Patrol
36:54 Chemistry
36:34 Scale Barding Armor
36:39 Forging
35:54 Light Cavalry
36:45 Elite Ballista Elephant
37:45 Masonry
37:33 Hussar
39:31 Chain Barding Armor
40:27 Iron Casting
Connection lost

Rejoining the realm…

Still unreachable

The connection could not be restored.

Session expired

The server has moved on; the page needs a fresh start.